 Dungeon Crawl Stone Soup version 0.29-a0-876-gfc89b1a5bd (webtiles) character file.

Game seed: 6756934019935228602

25 greasedhog the Cudgeller (level 3, -1/23 HPs)
             Began as a Gargoyle Berserker on July 19, 2022.
             Was a Follower of Trog.
             Slain by a jackal (3 damage)
             ... on level 1 of the Dungeon.
             The game lasted 00:01:24 (814 turns).

greasedhog the Cudgeller (Gargoyle Berserker)        Turns: 814, Time: 00:01:25

Health: -1/23      AC:  8    Str: 22    XL:     3   Next: 4%
Magic:  3/3        EV: 11    Int:  7    God:    Trog [*.....]
Gold:   76         SH:  0    Dex:  9    Spells: 2/2 levels left

rFire   . . .      SeeInvis .   a - +0 mace
rCold   . . .      Faith    .   (no shield)
rNeg    + . .      Spirit   .   b - +0 ring mail
rPois   ∞          Reflect  .   (no helmet)
rElec   +          Harm     .   (no cloak)
rCorr   .          Rampage  .   (no gloves)
Will    .....                   (no boots)
Stlth   ..........              (no amulet)
HPRegen 0.07/turn               (no ring)
MPRegen 0.08/turn               (no ring)

@: on berserk cooldown, hasted and slowed
A: sickness immunity, AC +3, negative energy resistance 1, electricity
resistance, torment resistance 1, petrification resistance
a: Renounce Religion, Berserk


You were on level 1 of the Dungeon.
You worshipped Trog.
Trog was aware of your devotion.
You visited 1 branch of the dungeon, and saw 1 of its levels.

You collected 76 gold pieces.

Inventory:

Hand Weapons
 a - a +0 mace (weapon)
Armour
 b - a +0 ring mail (worn)
Scrolls
 e - a scroll of enchant armour {unknown}


   Skills:
 - Level 3.2 Fighting
 * Level 4.1 Maces & Flails
 - Level 2.1 Armour
 - Level 1.5 Dodging


You had 2 spell levels left.
You didn't know any spells.
Your spell library was empty.

Dungeon Overview and Level Annotations

Branches:
Dungeon (1/15)

Altars:


Innate Abilities, Weirdness & Mutations

You are immune to sickness and miasma.
Your stone body is resilient. (AC +3)
You are immune to poison.
You resist negative energy. (rN+)
You are resistant to electric shocks. (rElec)
You are resistant to unholy torment.
You are immune to petrification.


Message History

The jackal barely misses you. The kobold hits you but does no damage.
You closely miss the kobold.
The jackal bites you but does no damage.
The jackal barely misses you. The kobold barely misses you.
The endoplasm freezes you.
You are frozen.
You barely miss the kobold. The jackal closely misses you. x2
You barely miss the endoplasm. The jackal bites you.
* * * LOW HITPOINT WARNING * * *
The jackal closely misses you. The endoplasm freezes you.
You are frozen.
* * * LOW HITPOINT WARNING * * *
The kobold hits you with a +0 short sword.
* * * LOW HITPOINT WARNING * * *
The jackal bites you but does no damage.
You sock the endoplasm!
You kill the endoplasm!
Trog accepts your kill.
The jackal bites you but does no damage.
The kobold hits you but does no damage. The jackal barely misses you.
The jackal bites you but does no damage.
You are no longer berserk.
You are exhausted.
You feel yourself slow down.
The jackal bites you but does no damage.
You see here a rat corpse.
The jackal attacks as you move away! The jackal misses you.
The jackal closely misses you.
You hit the jackal.
The jackal is severely wounded.
The jackal misses you. The jackal bites you.
* * * LOW HITPOINT WARNING * * *
You closely miss the jackal.
The jackal is severely wounded.
The jackal bites you but does no damage. x3
It was a potion of haste.
You feel yourself speed up.
The jackal bites you but does no damage.
The jackal bites you.
You die...

# ### ### # # #...# .. #
#. .#.##.###############
#.# .....!............##
...#.#..# #.##.#.....##
#.#.#.####.##.#.....## #
#...Kh................
#...#.#†#h####.####.....##
#..hK#@# #†# #.....##
#....#.####.# #.....#
#....#......# #.....#
#....######## #.....##
#...## #......# ####
#....#.# ######.. ##. #.


You could see 2 jackals and a kobold.

Vanquished Creatures
  3 endoplasms (D:1)
  A giant cockroach (D:1)
  A goblin (D:1)
  3 hobgoblins (D:1)
  2 jackals (D:1)
  2 kobolds (D:1)
  A quokka (D:1)
  2 ball pythons (D:1)
  2 bats (D:1)
  A frilled lizard (D:1)
  5 rats (D:1)
23 creatures vanquished.

Notes
Turn   | Place    | Note
-------+----------+-------------------------------------------
     0 | D:1      | greasedhog the Gargoyle Berserker began the quest for the
                  | Orb.
     0 | D:1      | Reached XP level 1. HP: 14/14 MP: 1/1
   208 | D:1      | Reached XP level 2. HP: 14/19 MP: 2/2
   776 | D:1      | Reached skill level 4 in Maces & Flails
   802 | D:1      | Reached XP level 3. HP: 15/23 MP: 3/3
   814 | D:1      | Slain by a jackal

Illustrated notes

Levels and vault maps discovered:
D:1:      lightli_arrival_lavapool, layout_basic, minmay_split_cup_small

Skill      XL: |  1  2 |
---------------+-------+-----
Maces & Flails | 4 |  4.1
Fighting       | |  3.2
Armour         | |  2.1
Dodging        | |  1.5

Action                   || total
-------------------------++-------
Melee: Mace              ||    64
Invok: Berserk           ||     1
  Use: Scroll            ||     1
       Potion            ||     1
Armor: Animal skin       ||    10
       Ring mail         ||    37
       Leather armour    ||     2
Dodge: Dodged            ||    54

Table legend: (Time is in decaauts)
 A = Elapsed time spent in this place.
 B = Non-inter-level travel time spent in this place.
 C = Inter-level travel time spent in this place.
 D = Time resting spent in this place.
 E = Time spent auto-exploring this place.
 F = Levels seen in this place.
 G = Mean time per level.
                   A        B        C        D        E       F      G
               +--------+--------+--------+--------+--------+-----+--------+
         Total |    825 |    798 |     27 |     20 |    599 |   1 |  825.0 |
       Dungeon |    825 |    798 |     27 |     20 |    599 |   1 |  825.0 |
               +--------+--------+--------+--------+--------+-----+--------+

Top non-repeatable levels by time:
     D:1: 825 daAuts
